 Dungeon Crawl Stone Soup version 0.25-a0-869-g05d4e06a41 (webtiles) character file.

Game seed: 4039442880962755348, levelgen mode: deterministic

21 Maedhros the Poker (level 2, -11/21 HPs)
             Began as an Octopode Chaos Knight on Apr 30, 2020.
             Was a Plaything of Xom.
             Mangled by an ogre
             ... wielding a +0 giant club
              (13 damage)
             ... on level 2 of the Dungeon.
             The game lasted 00:00:48 (196 turns).

Maedhros the Poker (Octopode Chaos Knight)           Turns: 196, Time: 00:00:49

Health: -11/21     AC:  1    Str: 11    XL:     2   Next: 83%
Magic:  2/2        EV: 13    Int: 14    God:    Xom [..*...]
Gold:   0          SH:  0    Dex: 11    Spells: 1/1 levels left

rFire    . . .     SeeInvis .   a - +0 spear (chaos)
rCold    . . .     Gourm    .   (no shield)
rNeg     . . .     Faith    .   (helmet restricted)
rPois    .         Spirit   .   (no amulet)
rElec    .         Reflect  .   (no ring)
rCorr    .         Harm     .   (no ring)
MR       .....                  (no ring)
Stlth    ++........             (no ring)
HPRegen  0.07/turn              (no ring)
MPRegen  0.08/turn              (no ring)
                                (no ring)
                                (no ring)

@: no status effects
A: almost no armour, stealthy swim, amphibious, 8 rings, constrict 8, camouflage
1, gelatinous body 1
a: Renounce Religion


You were on level 2 of the Dungeon.
You worshipped Xom.
You were a toy of Xom.
You were not hungry.

You visited 1 branch of the dungeon, and saw 2 of its levels.

Inventory:

Hand Weapons
 a - a +0 spear of chaos (weapon)
Missiles
 d - 10 poisoned darts (quivered)
 f - 4 boomerangs
Scrolls
 c - 2 scrolls of teleportation {unknown}
Potions
 e - a potion of brilliance {unknown}
Comestibles
 b - 3 rations


   Skills:
 - Level 3.0 Fighting
 + Level 4.0 Polearms
 - Level 2.3 Dodging


You had one spell level left.
You didn't know any spells.
Your spell library was empty.

Dungeon Overview and Level Annotations

Branches:
Dungeon (2/15)

Altars:


Innate Abilities, Weirdness & Mutations

You cannot wear most types of armour.
You are very stealthy in the water. (Stealth+)
You are amphibious.
You can wear up to eight rings at the same time.
You can use your tentacles to constrict eight enemies at once.
Your skin changes colour to match your surroundings (Stealth+).
Your rubbery body absorbs attacks. (AC +1, EV +1)


Message History

The ogre is heavily wounded.
The ogre closely misses you.
You hit the ogre but do no damage.
The ogre is heavily wounded.
The ogre hits you with a +0 giant club!
Ouch! That really hurt!
You are too injured to fight recklessly!
You hit the ogre but do no damage.
The ogre is heavily wounded.
You closely miss the ogre.
The ogre is heavily wounded.
The ogre is no longer moving slowly.
The ogre hits you but does no damage.
You hit the ogre.
The ogre flickers and vanishes!
Deactivating autopickup; reactivate with Ctrl-A.
Something hits you!
* * * LOW HITPOINT WARNING * * *
Something hits you!
Ouch! That really hurt!
You die...
Xom howls with laughter!

##### ....#### ...
.(......#####..#
.....##.#......#########
.....##.#..#.#.........#
...........#.#.........#
)..........#.#.........#
.......................#
.....##+#..#....@...#
+###.##.#.........#.#
...........#.....>#
........#.######....#
......<.#... .....#
..##....##### #.....#
..#....## #.....#
..#....## #.....#
#..<....# #.....#


There were no monsters in sight!

Vanquished Creatures
  An ooze (D:2)
  A leopard gecko (D:2)
  A ball python (D:1)
  3 bats
  A giant cockroach (D:2)
  3 goblins
  2 kobolds
  2 rats (D:2)
14 creatures vanquished.

Notes
Turn   | Place    | Note
-------+----------+-------------------------------------------
     0 | D:1      | Maedhros the Octopode Chaos Knight began the quest for the
                  | Orb.
     0 | D:1      | Reached XP level 1. HP: 16/16 MP: 1/1
    34 | D:2      | Reached XP level 2. HP: 21/21 MP: 2/2
   113 | D:1      | XOM: divination: detect items
   166 | D:1      | Reached skill level 4 in Polearms
   177 | D:2      | Noticed an ogre
   196 | D:2      | Mangled by an ogre

Levels and vault maps discovered:
D:1:      lightli_arrival_maybe_door_vault, layout_basic
D:2:      layout_basic, chequers_ecumenical_altar_lobes, minmay_pentomino_p2

Skill      XL: |  1  2 |
---------------+-------+-----
Polearms       | 4 |  4.0
Fighting       | |  3.0
Dodging        | |  2.3

Action                   || total
-------------------------++-------
Melee: Spear             ||    38
       Constrict         ||     8
       Tentacles         ||     5
 Stab: Sleeping          ||     4
Armor: Skin              ||     3
Dodge: Dodged            ||    12

Table legend:
 A = Non-vault XP
 B = Vault XP
 C = Vault XP percentage of total XP
 D = Non-vault monster count
 E = Vault monster count
 F = Vault count percentage of total count
                 A         B        C        D         E       F
            +---------+---------+-------+---------+---------+-------
      Total |      30 |       0 |   0.0 |      14 |       0 |   0.0
            +---------+---------+-------+---------+---------+-------
        D:1 |       7 |       0 |   0.0 |       4 |       0 |   0.0
        D:2 |      23 |       0 |   0.0 |      10 |       0 |   0.0
            +---------+---------+-------+---------+---------+-------
